 Dungeon Crawl Stone Soup version 0.25.1-2-g60ff931df9 (webtiles) character file.

Game seed: 6695717631469336496

60 Martska the Chucker (level 4, -6/46 HPs)
             Began as an Ogre Hunter on Oct 16, 2020.
             Killed from afar by an orc wizard (8 damage)
             ... with a magic dart
             ... on level 2 of the Dungeon.
             The game lasted 00:04:26 (1562 turns).

Martska the Chucker (Ogre Hunter)                   Turns: 1562, Time: 00:04:26

Health: -6/46      AC:  3    Str: 17    XL:     4   Next: 4%
Magic:  4/4        EV: 14    Int: 12    God:
Gold:   51         SH:  0    Dex:  9    Spells: 3/3 levels left

rFire    . . .     SeeInvis .   h - +0 club
rCold    . . .     Gourm    .   (no shield)
rNeg     . . .     Faith    .   b - +0 robe
rPois    .         Spirit   .   (helmet restricted)
rElec    .         Reflect  .   (no cloak)
rCorr    .         Harm     .   (gloves unavailable)
MR       .....                  (boots unavailable)
Stlth    +.........             (no amulet)
HPRegen  0.15/turn              g - +4 ring of evasion
MPRegen  0.09/turn              (no ring)

@: no status effects
A: large, unfitting armour, tough skin 1
a: no special abilities


You were on level 2 of the Dungeon.
You were not hungry.

You visited 1 branch of the dungeon, and saw 2 of its levels.

You collected 51 gold pieces.

Inventory:

Hand Weapons
 a - a +0 short sword
 h - a +0 club (weapon)
Missiles
 c - a large rock (quivered)
 d - 2 throwing nets
Armour
 b - a +0 robe (worn)
Jewellery
 g - a +4 ring of evasion (left hand)
Scrolls
 j - 2 scrolls of teleportation {unknown}
 n - 2 scrolls of identify {unknown}
 p - a scroll of enchant weapon {unknown}
Potions
 e - 2 potions of flight {unknown}
 i - 2 potions of heal wounds {unknown}
 k - a potion of stabbing {unknown}
 l - a potion of brilliance {unknown}
 m - a potion of degeneration {unknown}
 o - a potion of mutation {unknown}
Comestibles
 f - 3 rations
 q - 3 chunks of flesh


   Skills:
 * Level 3.6 Fighting
 - Level 0.2 Short Blades
 * Level 1.2 Maces & Flails
 + Level 4.8 Throwing
 - Level 1.7 Dodging
 - Level 0.6 Stealth


You had 3 spell levels left.
You didn't know any spells.
Your spell library was empty.

Dungeon Overview and Level Annotations

Branches:
Dungeon (2/15)

Altars:


Innate Abilities, Weirdness & Mutations

You are too large for most types of armour.
You have tough skin. (AC +1)


Message History

Press: ? - help, Shift-Dir - straight line, f - orc wizard
Aim: an orc wizard, wielding a +0 dagger and wearing a +0 robe (fast)
You throw a large rock.
The large rock completely misses the orc wizard.
You feel yourself speed up.
The orc wizard hits you with a +0 dagger.
* * * LOW HITPOINT WARNING * * *
The orc wizard closely misses you.
The orc wizard points at you and mumbles some strange words.
You resist with some effort.
The orc wizard hits you but does no damage.
Sorry, you're not good enough to have a special ability.
Throwing (i - inventory. (/) - cycle)
c - 2 large rocks (quivered)
Press: ? - help, Shift-Dir - straight line, f/p - orc wizard
Aim: an orc wizard, wielding a +0 dagger and wearing a +0 robe (fast)
You throw a large rock.
The large rock closely misses the orc wizard.
The orc wizard points at you and mumbles some strange words.
The magic dart hits you!
You die...

#.?....o.... #.......##.#
#.......##.####
#.......†(....##..
#.......#..#..$#..#####
........#.............####
#.......((...............#
#########o###.##.###.....#
###@# ###.##......# #...#
#.##......# ##.###
#.##....... #...#
#<..)..#### #...# ####.###
#...# ##.###### # #...#
#........
#.####...#########........
#...................###...


You could see an orc wizard (fast).

Vanquished Creatures
  An adder (D:2)
  2 worms (D:2)
  A leopard gecko (D:1)
  2 orcs (D:2)
  8 goblins (D:1)
  2 hobgoblins (D:1)
  2 jackals (D:1)
  3 kobolds
  A quokka (D:2)
  A ball python (D:1)
  9 bats
  4 frilled lizards (D:1)
  7 rats (D:1)
43 creatures vanquished.

Notes
Turn   | Place    | Note
-------+----------+-------------------------------------------
     0 | D:1      | Martska the Ogre Hunter began the quest for the Orb.
     0 | D:1      | Reached XP level 1. HP: 22/22 MP: 1/1
   313 | D:1      | Reached XP level 2. HP: 23/29 MP: 2/2
   670 | D:1      | Reached XP level 3. HP: 33/37 MP: 3/3
  1518 | D:2      | Reached skill level 1 in Maces & Flails
  1559 | D:2      | Reached XP level 4. HP: 7/46 MP: 4/4
  1561 | D:2      | HP: 2/46 [orc wizard/+0 dagger (3)]
  1562 | D:2      | Killed from afar by an orc wizard

Illustrated notes

Levels and vault maps discovered:
D:1:      onia_arrival_mini_maze_b, layout_basic, chequers_serial_rivers_micro_e
D:2:      layout_loops_cross, minmay_increasing_density, uniq_terence

Skill      XL: |  1  2  3 |
---------------+----------+-----
Fighting       | 3 |  3.6
Maces & Flails | 1 |  1.2
Short Blades   | |  0.2
Throwing       | |  4.8
Dodging        | |  1.7
Stealth        | |  0.6

Action                   |  1- 3 |  4- 6 || total
-------------------------+-------+-------++-------
Melee: Short sword       |    91 |       ||    91
       Club              |    37 |       ||    37
Throw: Large rock        |     7 |     3 ||    10
  Eat: Chunk             |     2 |       ||     2
Armor: Robe              |    55 |     2 ||    57
Dodge: Dodged            |   100 |     3 ||   103
